 Dungeon Crawl Stone Soup version 0.30.0-19-g36f170ea60 (webtiles) character file.

Game seed: 17995057980057024634

47968 KamiKatze the Thaumaturge (level 14, -7/57 HPs)
             Began as a Felid Conjurer on May 30, 2023.
             Was a High Priest of Vehumet.
             Killed from afar by Jorgrun (44 damage)
             ... with an iron shot
             ... on level 1 of the Spider Nest on May 31, 2023.
             The game lasted 02:52:26 (28351 turns).

KamiKatze the Thaumaturge (Felid Conjurer)         Turns: 28351, Time: 02:52:27

Health: -7/57      AC:  7    Str:  3    XL:     14   Next: 10%
Magic:  7/33       EV: 20    Int: 26    God:    Vehumet [*****.]
Gold:   2833       SH:  0    Dex: 16    Spells: 7/41 levels left
                                        Lives:  0   Deaths: 4

rFire   + . .        (weapon unavailable)
rCold   + . .        (shield unavailable)
rNeg    . . .        (body armour unavailable)
rPois   .            (helmet unavailable)
rElec   .            (cloak unavailable)
rCorr   .            (gloves unavailable)
SInv    +            (boots unavailable)
Will    ++...        z - amulet of magic regeneration
Stlth   ++++         c - ring of protection from fire
HPRegen 0.29/turn    i - +4 ring of protection
MPRegen 0.63/turn

%: no passive effects
@: quick
A: very small, claws 1, fangs 3, see invisible, speed 1, shaggy fur 3, stealthy
paws, no weapons or thrown items, no armour, multi-lived
a: Renounce Religion


You were on level 1 of the Spider Nest.
You worshipped Vehumet.
Vehumet was extremely pleased with you.
You visited 5 branches of the dungeon, and saw 24 of its levels.
You also visited: Ossuary.

You collected 3099 gold pieces.
You spent 266 gold pieces at shops.

Inventory:

Jewellery
 a - a ring of flight
 c - a ring of protection from fire (left paw)
 i - a +4 ring of protection (right paw)
 w - a +6 ring of dexterity
 x - a +6 ring of dexterity
 z - an amulet of magic regeneration (around neck)
 E - a ring of positive energy
 H - a +5 ring of evasion
 P - a ring of willpower
 Q - a ring of positive energy
 S - a ring of ice
 T - a +6 ring of dexterity
Wands
 n - a wand of paralysis (28)
 t - a wand of flame (35)
 y - a wand of digging (3)
 C - a wand of acid (16)
 D - a wand of mindburst (15)
 I - a wand of roots (13)
Scrolls
 h - 3 scrolls of fear
 k - 2 scrolls of noise
 o - 6 scrolls of immolation
 q - 3 scrolls of teleportation
 r - a scroll of blinking
 s - a scroll of poison
 v - a scroll of amnesia
 A - a scroll of silence
 F - 6 scrolls of vulnerability
 G - a scroll of fog
 J - 2 scrolls of butterflies
 R - 3 scrolls of identify
Potions
 b - 5 potions of invisibility
 d - 4 potions of flight
 e - 2 potions of mutation
 f - 4 potions of haste
 g - 4 potions of heal wounds
 j - 6 potions of brilliance
 l - 14 potions of curing
 m - 2 potions of berserk rage
 p - 5 potions of lignification
 u - 4 potions of might
 B - 2 potions of resistance
 L - a potion of ambrosia
 M - 2 potions of attraction
 N - a potion of magic
Miscellaneous
 K - a phial of floods
 O - a phantom mirror


   Skills:
 + Level 4.8 Fighting
 - Level 6.0 Dodging
 - Level 9.0 Stealth
 * Level 14.1 Spellcasting
 + Level 13.7 Conjurations
 - Level 12.0 Hexes
 - Level 12.0 Translocations
 * Level 8.1 Fire Magic
 - Level 8.0 Air Magic
 * Level 5.5 Earth Magic
 - Level 3.0 Poison Magic
 - Level 3.0 Evocations


You had 7 spell levels left.
You knew the following spells:

 Your Spells              Type           Power      Damage    Failure   Level
a - Magic Dart            Conj           100%       1d8       0%          1
b - Searing Ray           Conj           100%       2d8       0%          2
c - Fulminant Prism       Conj/Hex       35%        3d17      1%          4
d - Iskenderun's Mystic   Conj/Tloc      71%        2d14      1%          4
e - Iron Shot             Conj/Erth      31%        9d6       2%          6
f - Plasma Beam           Fire/Air       28%        2x1d45    4%          6
g - Starburst             Conj/Fire      33%        6d10      1%          6
m - Mephitic Cloud        Conj/Pois/Air  57%        N/A       1%          3
v - Poisonous Vapours     Pois/Air       92%        N/A       1%          2

Your spell library contained the following spells:

 Spells                   Type           Power      Damage    Failure   Level
 Iskenderun's Battlesphe  Conj           74%        2d12      1%          5
 Momentum Strike          Conj/Tloc      100%       3d10      0%          2
 Apportation              Tloc           100%       N/A       1%          1
 Freeze                   Ice            72%        1d8       1%          1
 Sandblast                Erth           92%        2d19      1%          1
 Blink                    Tloc           100%       N/A       1%          2
 Ensorcelled Hibernation  Hex/Ice        98%        N/A       1%          2
 Lesser Beckoning         Tloc           100%       N/A       1%          2
 Passwall                 Tmut/Erth      26%        N/A       1%          2
 Dazzling Flash           Conj/Hex       100%       N/A       1%          3
 Gell's Gravitas          Tloc           69%        N/A       1%          3
 Hailstorm                Conj/Ice       52%        3d12      1%          3
 Stone Arrow              Conj/Erth      100%       3d13      1%          3
 Swiftness                Air            56%        N/A       1%          3
 Teleport Other           Tloc           69%        N/A       1%          3
 Tukima's Dance           Hex            69%        N/A       1%          3
 Passage of Golubria      Tloc           69%        N/A       1%          4
 Silence                  Hex/Air        31%        N/A       1%          5
 Yara's Violent Unravell  Hex/Tmut       24%        3d11      1%          5
 Frozen Ramparts          Ice            36%        1d6       2%          3
 Beastly Appendage        Tmut           36%        N/A       3%          1
 Necrotise                Necr           72%        1d7       3%          1
 Summon Small Mammal      Summ           72%        N/A       3%          1
 Wereblood                Tmut           18%        N/A       4%          2
 Spider Form              Tmut/Pois      26%        N/A       4%          3
 Metabolic Englaciation   Hex/Ice        24%        N/A       7%          5
 Summon Forest            Summ/Tloc      24%        N/A       7%          5
 Ozocubu's Armour         Ice            18%        N/A       9%          3
 Ice Form                 Ice/Tmut       18%        N/A       30%         4
 Eringya's Noxious Bog    Tmut/Pois      13%        N/A       50%         6
 Simulacrum               Ice/Necr       9%         N/A       99%         6
 Ozocubu's Refrigeration  Ice            9%         4d9       99%         7
 Summon Hydra             Summ           9%         N/A       100%        7
 Lehudib's Crystal Spear  Conj/Erth      31%        10d8      65%         8
 Fire Storm               Conj/Fire      33%        8d8       99%         9
 Chain Lightning          Conj/Air       33%        3d44      100%        9
 Shatter                  Erth           23%        3d20*     100%        9


Dungeon Overview and Level Annotations

Branches:
Dungeon (15/15)            Temple (1/1) D:7            Lair (5/5) D:10
  Swamp (0/4) Lair:3       Spider (1/4) Lair:2        Slime (0/5) Lair:5
    Orc (2/2) D:12            Elf (0/3) Orc:2        Vaults (0/5) D:14
 Depths (0/4) D:15        Ossuary (visited)

Altars:
Ashenzari
Cheibriados
Dithmenos
Elyvilon
Fedhas
Gozag
Hepliaklqana
Kikubaaqudgha
Makhleb
Nemelex Xobeh
Okawaru
Qazlal
Ru
Sif Muna
Trog
Uskayaw
Vehumet
Wu Jian
Xom
Yredelemnul
Zin
The Shining One
Jiyva

Shops:
D:5 [   Orc:2 [*(*!

Annotations:
D:8 dig for loot in w:1
Spider:1 Jorgrun
Orc:1 2 transporters


Innate Abilities, Weirdness & Mutations

You have sharp claws.
You have razor-sharp teeth.
You have supernaturally acute eyesight. (SInv)
You cover ground quickly. (Speed+)
Your thick and shaggy fur keeps you warm. (AC +3, rC+)
Your paws help you pounce on unaware monsters.
You are incapable of wielding weapons or throwing items.
You cannot wear armour.
You gain extra lives every three experience levels.


Message History

The iron shot misses Jorgrun.
The iron shot hits the jumping spider!!
The jumping spider is almost dead.
You hear a faint skittering sound. x2
A jumping spider comes into view.
Jorgrun points next to you and mumbles some strange words.
The wall shatters!
The blast of rock fragments hits you!!
The jumping spider's many legs skitter faintly.
You hear a faint skittering sound.
Casting: Iron Shot (dangerous; 2% risk of failure)
Confirm with . or Enter, or press ? or * to list all spells.
Aiming: Iron Shot (dangerous; 2% risk of failure)
Press: ? - help, Shift-Dir - straight line, f/p - Jorgrun
Aim: Jorgrun, wielding a +0 heavy quarterstaff and wearing a +0 robe (57% to hit)
The iron shot hits Jorgrun!!
Jorgrun is moderately wounded.
A tarantella comes into view.
The jumping spider leaps!
Casting: Iron Shot (dangerous; 2% risk of failure)
Confirm with . or Enter, or press ? or * to list all spells.
You erupt in a blast of force!
The mystic blast hits the jumping spider!
The jumping spider is moderately wounded.
The jumping spider is knocked back by the mystic blast.
The jumping spider slams into the rock wall!
The jumping spider is moderately wounded.
The mystic blast hits Jorgrun!
Jorgrun is moderately wounded.
Jorgrun is knocked back by the mystic blast.
The mystic blast hits the jumping spider!
You kill the jumping spider!
Vehumet accepts your kill.
You feel your power returning.
You hear a faint skittering sound.
A culicivora comes into view.
A jumping spider comes into view.
Unknown command.
The jumping spider leaps!
Jorgrun points at you and mumbles some strange words.
The iron shot hits you!!!
Ouch! That really hurt!
You die...

#...s.s#####...# ...
##..#s°.# #..(. #.
#.#..s#. ###....
#..)...####.#.#.#
####.g.#.#..###..
#..†....##.# ####
#○..#...#..#
##..####..##.....#
#..#[.###@..##...#
#..#.#.......##.##
##....#....#..#.##
#...#....####.#..# ###
###.#...###...#^.# ###^#
#...#...#.#.###.####..>###
##.......#######.##...#.^#
##..#...# ##..#..#..##..#
##.##### #.#....##.....#


You could see Jorgrun, a culicivora and a tarantella.

Vanquished Creatures
  Gastronok (D:11)
  Agnes (D:14)
  A frost giant (D:14)
  A juggernaut zombie (D:15)
  An orc warlord (Orc:2)
  An ironbound preserver (D:14)
  Snorg (Lair:3)
  An ettin (Orc:2)
  6 hydras
  A boulder beetle (D:6)
  6 centaur warriors
  2 catoblepae (Lair:4)
  6 two-headed ogres
  3 death yaks (D:10)
  4 tengu warriors
  A titan zombie (D:15)
  3 orc high priests (Orc:2)
  2 skysharks
  A fire crab (D:14)
  6 skeletal warriors (D:15)
  A fire crab (shapeshifter) (D:13)
  A deep troll (D:14)
  Lodul (D:12)
  A bog body (Lair:3)
  A deep elf archer (D:13)
  A steelbarb worm (Spider:1)
  2 lindwurms
  A necromancer (D:15)
  6 orc knights
  2 deep elf pyromancers (D:14)
  5 orc sorcerers (Orc:2)
  8 ugly things
  4 wolf spiders
  7 manticores
  7 cyclopes
  A tengu skeleton (D:15)
  2 oklob plants (Lair:5)
  Maurice (D:10)
  4 black mambas
  A black mamba (shapeshifter) (D:14)
  3 torpor snails
  16 elephants
  An ice statue (D:9)
  2 demonic crawlers
  19 cane toads
  2 gargoyles
  6 yaktaurs
  9 komodo dragons
  2 unseen horrors
  The ghost of purpleHaze the Digger, a novice HuEE of Sif Muna (D:5)
  3 rime drakes
  3 tengu conjurers
  A freezing wraith (D:10)
  5 trolls
  3 polar bears
  3 tyrant leeches (Lair:5)
  A tarantella (Spider:1)
  4 hornets
  26 blink frogs
  An ettin zombie (D:15)
  5 jumping spiders (Spider:1)
  3 culicivoras (Spider:1)
  2 vampires
  43 yaks
  4 wraiths
  5 basilisks
  Grum (D:10)
  A wyvern (D:10)
  4 redbacks (Spider:1)
  A steam dragon (D:7)
  18 vampire mosquitoes
  4 wargs
  16 water moccasins
  3 acid dragons
  3 sky beasts (D:7)
  17 ogres
  23 orc warriors
  4 black bears
  An ice beast (D:7)
  8 wolves
  7 centaurs
  A kobold brigand (D:9)
  24 bullfrogs
  5 necrophages (Lair:4)
  4 scorpions
  A hornet simulacrum (D:15)
  5 wights (D:10)
  A howler monkey (D:5)
  5 electric eels
  2 quasits (D:5)
  12 orc priests
  3 hounds
  A sleepcap (D:6)
  7 hell rats
  2 iguanas
  27 orc wizards
  A mummy (Ossuary)
  10 adders
  A shadow imp (D:7)
  A white imp (D:6)
  3 worms (Lair:2)
  2 dart slugs (D:2)
  70 orcs
  3 spectral bats (Ossuary)
  6 bats
  10 endoplasms
  4 giant cockroaches
  3 goblins
  5 hobgoblins
  6 jackals
  6 kobolds
  4 quokkas
  8 ball pythons
  4 bat simulacra (Ossuary)
  2 frilled lizards
  12 gnoll zombies (Ossuary)
  4 goblin simulacra (Ossuary)
  2 goblin zombies (Ossuary)
  2 hobgoblin zombies (Ossuary)
  3 kobold simulacra (Ossuary)
  10 kobold zombies (Ossuary)
  4 orc zombies (Ossuary)
  3 rats
  A rat simulacrum (Ossuary)
  4 spectral goblins (Ossuary)
  2 spectral kobolds (Ossuary)
  3 spectral rats (Ossuary)
  A butterfly (Lair:2)
  5 fulminant prisms
695 creatures vanquished.

Vanquished Creatures (others)
  537 fulminant prisms
537 creatures vanquished.

Grand Total: 1232 creatures vanquished

Notes
Turn   | Place    | Note
-------+----------+-------------------------------------------
     0 | D:1      | KamiKatze the Felid Conjurer began the quest for the Orb.
     0 | D:1      | Reached XP level 1. HP: 7/7 MP: 4/4
   278 | D:1      | Reached XP level 2. HP: 11/11 MP: 4/6
   281 | D:1      | Learned a level 2 spell: Searing Ray
   520 | D:1      | Reached skill level 1 in Translocations
   877 | D:2      | Reached XP level 3. HP: 14/14 MP: 3/7
   935 | D:2      | Reached skill level 1 in Hexes
   935 | D:2      | Reached skill level 1 in Evocations
  1155 | D:2      | Found a faded altar of an unknown god.
  1692 | D:3      | Reached XP level 4. HP: 18/18 MP: 2/8
  2155 | D:3      | Found a white marble altar of Elyvilon.
  2155 | D:3      | Found a burning altar of Makhleb.
  2589 | D:4      | Reached XP level 5. HP: 21/21 MP: 5/10
  2601 | D:4      | Reached skill level 3 in Spellcasting
  2610 | D:3      | Learned a level 4 spell: Fulminant Prism
  3461 | D:5      | Entered Level 5 of the Dungeon
  3462 | D:5      | Noticed purpleHaze's ghost (novice HuEE)
  3463 | D:5      | Found a transporter.
  3479 | D:5      | Gained mutation: You are covered in thick fur. (AC +2)
                  | [Felid growth]
  3479 | D:5      | Reached XP level 6. HP: 24/24 MP: 7/12
  3886 | D:5      | Reached skill level 5 in Conjurations
  3952 | D:5      | Reached skill level 4 in Spellcasting
  3952 | D:5      | Reached XP level 7. HP: 20/27 MP: 5/14
  4026 | D:5      | Learned a level 4 spell: Iskenderun's Mystic Blast
  4057 | D:5      | Noticed a two-headed ogre
  4081 | D:5      | Found a transporter.
  4130 | D:5      | Killed a two-headed ogre
  4131 | D:5      | Reached skill level 5 in Spellcasting
  4131 | D:5      | Reached skill level 5 in Translocations
  4131 | D:5      | Reached XP level 8. HP: 26/31 MP: 4/16
  4164 | D:5      | Found Keih's Armour Shop.
  4302 | D:5      | Killed from afar by an orc priest
  4303 | D:5      | Reached XP level 7. HP: -3/27 MP: 13/15
  4342 | D:5      | Killed from afar by an orc priest
  4343 | D:5      | Reached XP level 6. HP: -1/24 MP: 12/14
  4353 | D:5      | Reached skill level 5 in Hexes
  4874 | D:6      | Reached XP level 7. HP: 27/27 MP: 10/16
  4919 | D:6      | Found a radiant altar of Vehumet.
  4927 | D:6      | Became a worshipper of Vehumet
  5141 | D:6      | Found a shimmering blue altar of Sif Muna.
  5143 | D:6      | Found a blossoming altar of Fedhas.
  5162 | D:6      | Found a broken altar of Ashenzari.
  5165 | D:6      | Found an iron altar of Okawaru.
  5178 | D:6      | Found a glowing silver altar of Zin.
  5239 | D:6      | Noticed a boulder beetle
  5790 | D:7      | Noticed a steam dragon
  5805 | D:7      | Reached skill level 6 in Spellcasting
  5934 | D:7      | Found a staircase to the Ecumenical Temple.
  5942 | Temple   | Entered the Ecumenical Temple
  6173 | D:7      | Reached XP level 8. HP: 31/31 MP: 5/18
  7046 | D:7      | Reached * piety under Vehumet
  7046 | D:7      | Offered knowledge of Foxfire by Vehumet.
  7364 | D:7      | Reached skill level 7 in Spellcasting
  7566 | D:8      | Reached XP level 9. HP: 34/34 MP: 15/20
  7677 | D:8      | Found a sand-covered staircase.
  7682 | Ossuary  | Entered an ossuary
  8043 | Ossuary  | Reached ** piety under Vehumet
  8044 | Ossuary  | Offered knowledge of Poisonous Vapours by Vehumet.
  8056 | Ossuary  | Learned a level 2 spell: Poisonous Vapours
  8506 | D:8      | Noticed a centaur warrior
  8507 | D:8      | Noticed an entropy weaver
  8507 | D:8      | Noticed a troll
  8520 | D:8      | Offered knowledge of Momentum Strike by Vehumet.
  8521 | D:8      | Reached skill level 1 in Poison Magic
  8604 | D:8      | Noticed a tengu warrior
  8604 | D:8      | Noticed a centaur warrior
  8607 | D:8      | Noticed an eight-headed hydra
  8617 | D:8      | Noticed a deep elf pyromancer
  8773 | D:8      | Reached skill level 1 in Air Magic
  9128 | D:8      | Noticed a meliai
  9612 | D:9      | Noticed an ice statue
  9873 | D:9      | Reached *** piety under Vehumet
  9960 | D:10     | Entered Level 10 of the Dungeon
  9997 | D:10     | Noticed an unseen horror
 10005 | D:10     | Killed an unseen horror
 10041 | D:10     | Noticed a freezing wraith
 10058 | D:10     | Killed a freezing wraith
 10059 | D:10     | Reached XP level 10. HP: 37/37 MP: 13/22
 10099 | D:10     | Noticed Maurice
 10104 | D:10     | Noticed a death yak
 10153 | D:10     | Killed a death yak
 10182 | D:10     | Found a staircase to the Lair.
 10209 | D:10     | Noticed a death yak
 10216 | D:10     | Noticed a death yak
 10246 | D:10     | Killed a death yak
 10246 | D:10     | Killed a death yak
 10247 | D:10     | Reached skill level 8 in Spellcasting
 10305 | D:10     | Noticed Grum
 10325 | D:10     | Killed Grum
 10401 | D:10     | Offered knowledge of Flame Wave by Vehumet.
 10545 | D:10     | Killed Maurice
 10895 | Lair:1   | Entered Level 1 of the Lair of Beasts
 10899 | Lair:1   | Reached skill level 9 in Spellcasting
 10900 | Lair:1   | Reached XP level 11. HP: 40/40 MP: 18/25
 11079 | Lair:1   | Reached **** piety under Vehumet
 11598 | Lair:1   | Reached skill level 10 in Conjurations
 12031 | Lair:2   | Offered knowledge of Mephitic Cloud by Vehumet.
 12037 | Lair:2   | Learned a level 3 spell: Mephitic Cloud
 12289 | Lair:2   | Reached skill level 10 in Translocations
 12299 | Lair:2   | Reached skill level 10 in Hexes
 12304 | Lair:2   | Reached skill level 5 in Stealth
 12538 | Lair:2   | Reached skill level 5 in Dodging
 12580 | Lair:2   | Reached skill level 10 in Spellcasting
 12667 | Lair:2   | Found a hole to the Spider Nest.
 13008 | Lair:3   | Gained mutation: Your thick and shaggy fur keeps you warm.
                  | (AC +3, rC+) [Felid growth]
 13008 | Lair:3   | Reached XP level 12. HP: 44/44 MP: 21/27
 13422 | Lair:3   | Noticed Snorg
 13449 | Lair:3   | Killed Snorg
 13527 | Lair:3   | Found a staircase to the Swamp.
 13875 | Lair:3   | Reached ***** piety under Vehumet
 13912 | Lair:3   | Offered knowledge of Eringya's Noxious Bog by Vehumet.
 13920 | Lair:3   | Noticed a four-headed hydra
 13941 | Lair:3   | Killed a four-headed hydra
 14060 | Lair:3   | Noticed a seven-headed hydra
 14064 | Lair:3   | Killed a seven-headed hydra
 14105 | Lair:4   | Noticed a catoblepas
 14105 | Lair:4   | Noticed a catoblepas
 14157 | Lair:4   | Reached skill level 11 in Spellcasting
 14414 | Lair:4   | Reached XP level 13. HP: 47/47 MP: 16/29
 14592 | Lair:4   | Identified the +3 scale mail "Nips" {SInv}
 15035 | Lair:4   | Offered knowledge of Plasma Beam by Vehumet.
 15043 | Lair:4   | Learned a level 6 spell: Plasma Beam
 15268 | Lair:4   | Reached skill level 1 in Fire Magic
 15424 | Lair:5   | Entered Level 5 of the Lair of Beasts
 15563 | Lair:5   | Reached skill level 12 in Spellcasting
 15563 | Lair:5   | Found the +1 robe of Vines {NoPotionHeal Regen++++}
 15963 | Lair:5   | Found a viscous altar of Jiyva.
 16254 | Lair:5   | Reached skill level 5 in Air Magic
 16315 | Lair:5   | Found a staircase to the Slime Pits.
 16370 | Lair:5   | Learned a level 9 spell: Shatter
 16421 | Lair:5   | Reached XP level 14. HP: 51/51 MP: 26/31
 16997 | Lair:5   | Reached skill level 1 in Earth Magic
 17023 | Lair:5   | Identified the staff of conjuration "Kalipog" {rCorr Str-4
                  | Int+5}
 17700 | D:11     | Noticed Gastronok
 17734 | D:11     | Killed Gastronok
 17965 | D:11     | Reached skill level 1 in Fighting
 18334 | D:12     | Found a staircase to the Orcish Mines.
 18337 | D:12     | Offered knowledge of Starburst by Vehumet.
 18480 | D:12     | Noticed Lodul
 18494 | D:12     | Killed Lodul
 18578 | D:12     | Learned a level 6 spell: Starburst
 18592 | D:12     | Reached skill level 5 in Fire Magic
 19335 | Orc:1    | Entered Level 1 of the Orcish Mines
 19447 | Orc:1    | Found a transporter.
 19450 | Orc:1    | Found a transporter.
 19652 | Orc:1    | Noticed a stone giant
 19681 | Orc:2    | Entered Level 2 of the Orcish Mines
 19823 | Orc:2    | Noticed an orc warlord
 19840 | Orc:2    | Killed an orc warlord
 20184 | Orc:2    | Reached skill level 13 in Spellcasting
 20430 | Orc:1    | Offered knowledge of Irradiate by Vehumet.
 20593 | Orc:2    | Found Jeasch's Armour Emporium.
 20930 | Orc:2    | Found a staircase to the Elven Halls.
 21597 | Orc:2    | Found Dom Loos's Assorted Antiques.
 21638 | Orc:2    | Found Ruxkeat's Weapon Boutique.
 21639 | Orc:2    | Found Ysefa's Distillery.
 21639 | Orc:2    | Found Gedo's Assorted Antiques.
 21668 | Orc:2    | Bought a potion of attraction for 48 gold pieces
 21668 | Orc:2    | Bought a potion of magic for 128 gold pieces
 21678 | Orc:2    | Bought a scroll labelled PODWER XUDAO for 30 gold pieces
 21678 | Orc:2    | Bought a scroll of identify for 60 gold pieces
 22268 | D:13     | Reached XP level 15. HP: 58/58 MP: 26/33
 23903 | D:14     | Found a gate to the Vaults.
 24090 | D:14     | Noticed Agnes
 24102 | D:14     | Killed Agnes
 24354 | D:14     | Offered knowledge of Iron Shot by Vehumet.
 24363 | D:14     | Learned a level 6 spell: Iron Shot
 24544 | D:14     | Noticed a frost giant
 24564 | D:14     | Killed a frost giant
 24800 | D:15     | Entered Level 15 of the Dungeon
 25126 | D:15     | Shot with a bolt by a yaktaur
 25127 | D:15     | Reached XP level 14. HP: -5/57 MP: 23/32
 25127 | D:15     | Found a staircase to the Depths.
 26051 | D:15     | Found a radiant altar of Vehumet.
 26491 | D:15     | Reached skill level 5 in Earth Magic
 26533 | D:15     | Slain by a juggernaut zombie
 26534 | D:15     | Reached XP level 13. HP: -1/54 MP: 7/31
 26733 | D:15     | Found a hide-covered altar of Uskayaw.
 27267 | D:5      | Killed purpleHaze's ghost
 27268 | D:5      | Reached skill level 14 in Spellcasting
 27571 | Spider:1 | Entered Level 1 of the Spider Nest
 27643 | Lair:2   | HP: 2/54 [demonic crawler (5)]
 27910 | Spider:1 | Reached XP level 14. HP: 57/57 MP: 9/33
 28145 | Spider:1 | Offered knowledge of Iskenderun's Battlesphere by Vehumet.
 28326 | Spider:1 | Noticed Jorgrun
 28351 | Spider:1 | Killed from afar by Jorgrun

Illustrated notes

Levels and vault maps discovered:
D:1:      lightli_arrival_statuegarden, layout_basic, chequers_avenue
D:2:      wander_river, layout_rooms, hellmonk_ecumenical_altar_dog_temple
D:3:      layout_loops_ring, nicolae_overflow_two_pavilions, nrook_uturn,
          supply_closet_lemuel, roderic_lattice_a
D:4:      layout_loops_ring, kennysheep_decorative_pillar
D:5:      layout_cave_pools, gammafunk_ghost_stat_death, nrook_mini_backslash,
          nicolae_inconvenience_store
D:6:      layout_rooms, minmay_overflow_temple_star_hex,
          nicolae_overflow_crystal_walls, chequers_serial_rivers_room_b,
          hangedman_decor_lopped, nicolae_elevator_lobby_plus
D:7:      nicolae_BIG_FREAKIN_CUBE, layout_basic, serial_bayou,
          serial_bayou_shore_b, serial_bayou_pond_d, serial_bayou_pond_c,
          serial_bayou_lagoon_b
D:8:      layout_basic, lightli_ossuary_entry_decrepit_ruins, minivault_12
D:9:      lemuel_ice_statue, layout_gridville, enter_bailey_2
D:10:     layout_roguey, dpeg_lair_monsters, uniq_maurice, uniq_grum
D:11:     layout_loops_ring, uniq_gastronok
D:12:     layout_grid_maze, erik_orc_3, uniq_lodul
D:13:     minmay_tri_box, layout_basic
D:14:     layout_loops_ring, skrybe_vaults_entry_preservation,
          kennysheep_small_spiral, minmay_evil_grid, uniq_agnes
D:15:     gammafunk_depths_entry_grave, layout_rooms, nicolae_vehumet_radiance,
          minmay_fountain_box, eat_drink_and_be_merry_uskayaw
Temple:   eino_narrow_crystal_temple
Lair:1:   layout_cave_pods
Lair:2:   layout_misc_corridors, nicolae_spider_entry_non_spiders,
          chequers_serial_rivers_micro_d, st_stairs_13, lemuel_fruit_fields
Lair:3:   cheibrodos_lair_overgrown_chateau, layout_chaotic_city,
          skrybe_swamp_entry_bodies, serial_bayou_pond_c,
          infiniplex_staircase_pool, uniq_snorg
Lair:4:   nzn_motion_control, layout_long_grid, roderic_carrion_pond
Lair:5:   minmay_lair_end_frog_pond, layout_cave_pods,
          minmay_slime_entry_oklob_open, gauntlet_entry_generic,
          hellmonk_guarded_unrand_vines, serial_bayou_shore_b
Spider:1: layout_spider_delve, uniq_jorgrun
Orc:1:    gammafunk_beogh_shrine, layout_caves
Orc:2:    st_orc_elflike, layout_caves, serial_shops, nicolae_shop_behind_doors

Skill      XL: |  1  2  3  4  5  6  7  8  9 10 11 12 13 14 15 |
---------------+----------------------------------------------+-----
Stealth        | 3 5 7 9 |  9.0
Dodging        | 3 5 6 |  6.0
Translocations | 1 2 3 6 7 8 9 10 11 12 | 12.0
Hexes          | 1 2 5 6 7 9 10 11 12 | 12.0
Evocations     | 1 2 3 |  3.0
Conjurations   | 4 5 7 8 9 10 11 12 13 | 13.7
Spellcasting   | 3 4 6 7 9 10 11 14 13 | 14.1
Poison Magic   | 2 3 |  3.0
Air Magic      | 2 3 5 8 |  8.0
Fire Magic     | 8 6 7 |  8.1
Earth Magic    | 5 4 |  5.5
Fighting       | 3 4 |  4.8

Action                     |  1- 3 |  4- 6 |  7- 9 | 10-12 | 13-15 || total
---------------------------+-------+-------+-------+-------+-------++-------
  Melee: Unarmed           |     6 |     4 |    10 |     3 |     1 ||    24
         Bite              |       |       |     1 |     1 |       ||     2
         Punch             |       |       |     1 |       |       ||     1
   Cast: Magic Dart        |    75 |    55 |    52 |    19 |    19 ||   220
         Searing Ray       |     2 |    26 |    55 |    19 |    37 ||   139
         Fulminant Prism   |       |       |    41 |   121 |   381 ||   543
         Iskenderun's Myst |       |       |    14 |    72 |   221 ||   307
         Poisonous Vapours |       |       |     1 |    25 |    92 ||   118
         Mephitic Cloud    |       |       |       |     2 |    24 ||    26
         Iron Shot         |       |       |       |       |    63 ||    63
         Plasma Beam       |       |       |       |       |     6 ||     6
         Starburst         |       |       |       |       |     1 ||     1
    Use: Scroll            |     4 |     4 |     7 |     6 |    10 ||    31
         Potion            |       |       |       |       |     4 ||     4
   Stab: Sleeping          |     3 |       |     1 |     1 |       ||     5
 Armour: Skin              |     3 |     1 |    14 |     8 |    19 ||    45
  Dodge: Dodged            |     4 |    16 |    50 |    34 |   134 ||   238
